 Dungeon Crawl Stone Soup version 0.30-a0-304-gdc4b735fe1 (webtiles) character file.

Game seed: 420080209718733435

157 MewnPig the Ruffian (level 5, -7/52 HPs)
             Began as a Troll Fighter on Oct 20, 2022.
             Mangled by a gnoll
             ... wielding a +0 club
             ... led by a gnoll bouda
              (10 damage)
             ... on level 4 of the Dungeon.
             The game lasted 00:08:00 (1371 turns).

MewnPig the Ruffian (Troll Fighter)                 Turns: 1371, Time: 00:08:01

Health: -7/52      AC:  0    Str: 26    XL:     5   Next: 15%
Magic:  4/4        EV:  9    Int:  4    God:
Gold:   169        SH:  7    Dex:  9    Spells: 4/4 levels left

rFire   . . .      SeeInvis .      - Unarmed
rCold   . . .      Faith    .    b - +0 kite shield
rNeg    . . .      Spirit   .    a - +0 robe
rPois   .          Reflect  .    (helmet restricted)
rElec   .          Harm     .    (no cloak)
rCorr   .          Rampage  .    (gloves unavailable)
Will    .....                    (boots unavailable)
Stlth   +.........               (no amulet)
HPRegen 1.08/turn                (no ring)
MPRegen 0.09/turn                (no ring)

@: weakened, corroded
A: large, unfitting armour, claws 3, regeneration 1, shaggy fur 1, tough skin 1
a: no special abilities


You were on level 4 of the Dungeon.
You visited 1 branch of the dungeon, and saw 4 of its levels.

You collected 169 gold pieces.

Inventory:

Missiles
 e - 4 javelins (quivered)
 i - 4 poisoned darts
Armour
 a - a +0 robe (worn)
 b - a +0 kite shield (worn)
 h - an orb of energy
 l - a +2 pair of boots of stealth
 n - the +18 Lear's hauberk
   (You found it on level 3 of the Dungeon)
Scrolls
 d - 2 scrolls of teleportation {unknown}
 g - a scroll of identify {unknown}
Potions
 c - 2 potions of might
 f - a potion of curing {unknown}
 j - a potion of flight {unknown}
 k - a potion of degeneration {unknown}
 m - a potion of cancellation {unknown}
 o - a potion of brilliance {unknown}
 p - a potion of resistance {unknown}


   Skills:
 + Level 2.9 Fighting
 + Level 3.2 Dodging
 + Level 3.1 Shields
 * Level 3.8 Unarmed Combat


You had 4 spell levels left.
You didn't know any spells.
Your spell library contained the following spells:

 Spells                   Type           Power      Damage    Failure   Level
 Magic Dart               Conj           0%         1d3       80%         1
 Call Imp                 Summ           0%         N/A       90%         2
 Mephitic Cloud           Conj/Pois/Air  0%         N/A       99%         3


Dungeon Overview and Level Annotations

Branches:
Dungeon (4/15)
 Temple: D:4-7

Altars:
Cheibriados

Shops:
D:2 (


Innate Abilities, Weirdness & Mutations

You are too large for most types of armour.
You have claws for hands.
Your natural rate of healing is unusually fast.
You are covered in fur. (AC +1)
You have tough skin. (AC +1)


Message History

2 gnolls come into view.
The gnoll shouts! x2; You hear a shout! x3
A gnoll bouda comes into view. It is wielding a +0 whip.
You hear a shout!
The gnoll bouda barks out a call to the hunt!
The gnolls pick up the pace!
A gnoll comes into view. It is wielding a +0 halberd.
A gnoll comes into view. It is wielding a +0 club.
The gnoll shouts!
A gnoll comes into view. It is wielding a +0 halberd.
A jelly comes into view.
The jelly quivers.
The gnoll bouda gazes fiercely through you!
You feel your attacks grow feeble. You block the gnoll's attack.
The gnoll hits you but does no damage. The gnoll barely misses you.
The gnoll barely misses you. The gnoll attacks as you move away!
The gnoll hits you with a +0 whip.
The gnoll bouda gazes fiercely through you!
You feel as though you will be weak longer.
The jelly closely misses you. The gnoll attacks as you move away!
The gnoll closely misses you.
The gnoll bouda gazes fiercely through you!
You feel as though you will be weak longer.
The jelly hits you.
You are splashed with acid!
You block the gnoll's attack. The gnoll closely misses you. x2
The jelly attacks as you move away! The jelly hits you. The acid corrodes you!
You are splashed with acid.
The gnoll attacks as you move away! The gnoll hits you with a +0 whip!
The gnoll barely misses you. The gnoll closely misses you.
You block the gnoll's attack.
You scratch the jelly. The acid corrodes you!
Your claws burn!
The jelly is moderately wounded.
You block the jelly's attack.
The gnoll hits you from afar with a +0 halberd!
* * * LOW HITPOINT WARNING * * *
The gnoll hits you with a +0 club.
* * * LOW HITPOINT WARNING * * *
The gnoll hits you with a +0 club!
You die...

#.............#....†##.....#
#.......#######.....##......
#........#### ##...###.....#
#...........# #...# #....##
#...........## ##.## ##...#
#..#..........# ### ##....#
#####.....ggg.# #.....#
#......gJ.## ##.....##
##.....g@g.######.......#
##......................
##.......≈≈.≈≈.........
##....≈..≈.≈..≈.......
###..≈≈.....≈≈..#....
#......_......##...
#..≈≈.....≈≈..# #..
#..≈..≈.≈..≈..# ..
##...≈≈.≈≈..[... .


You could see a gnoll bouda, a jelly and 5 gnolls.

Vanquished Creatures
  A black bear (D:3)
  A worm (D:2)
  A dart slug (D:1)
  3 orcs (D:3)
  3 endoplasms
  4 giant cockroaches
  6 goblins
  2 hobgoblins (D:1)
  9 jackals
  6 kobolds
  5 quokkas
  2 ball pythons
  3 bats
  3 rats
49 creatures vanquished.

Notes
Turn   | Place    | Note
-------+----------+-------------------------------------------
     0 | D:1      | MewnPig the Troll Fighter began the quest for the Orb.
     0 | D:1      | Reached XP level 1. HP: 22/22 MP: 0/0
   183 | D:1      | Reached XP level 2. HP: 29/29 MP: 1/1
   635 | D:2      | Reached XP level 3. HP: 35/36 MP: 2/2
   749 | D:2      | Found Cawaohyi's Weapon Shoppe.
  1006 | D:3      | Found the +18 Lear's hauberk
  1191 | D:3      | Noticed a black bear
  1196 | D:3      | Killed a black bear
  1197 | D:3      | Reached XP level 4. HP: 43/44 MP: 3/3
  1197 | D:3      | Reached XP level 5. HP: 51/52 MP: 4/4
  1290 | D:4      | Found a snail-covered altar of Cheibriados.
  1371 | D:4      | Mangled by a gnoll

Illustrated notes

Levels and vault maps discovered:
D:1:      kilobyte_arrival_exit_the_forest, layout_loops_ring, serial_glass,
          glass_columns_c, glass_columns_a, hangedman_abyss_or_decor_stabs
D:2:      layout_basic, serial_shops, shop
D:3:      layout_loops_ring, amcnicky_mini_rare_corridor_liquid
D:4:      kennysheep_six_static_rooms, layout_cave_pods,
          nicolae_kikubaaqudgha_miasma_corner,
          mainiacjoe_overflow_small_starburst, serial_shops,
          nicolae_shop_behind_doors, nicolae_lakefront_shop,
          nicolae_take_the_stairs, shop_coins, uniq_eustachio

Skill      XL: |  1  2  3 |
---------------+----------+-----
Dodging        | 3 |  3.2
Shields        | 3 |  3.1
Unarmed Combat | 3 |  3.8
Fighting       | |  2.9

Action                   |  1- 3 |  4- 6 || total
-------------------------+-------+-------++-------
Melee: Unarmed           |   123 |    20 ||   143
Armor: Robe              |    41 |     8 ||    49
Dodge: Dodged            |    45 |    20 ||    65
Block: Kite shield       |    50 |    11 ||    61

Table legend: (Time is in decaauts)
 A = Elapsed time spent in this place.
 B = Non-inter-level travel time spent in this place.
 C = Inter-level travel time spent in this place.
 D = Time resting spent in this place.
 E = Time spent auto-exploring this place.
 F = Levels seen in this place.
 G = Mean time per level.
                   A        B        C        D        E       F      G
               +--------+--------+--------+--------+--------+-----+--------+
         Total |   1384 |   1384 |      0 |      0 |      0 |   4 |  346.0 |
       Dungeon |   1384 |   1384 |      0 |      0 |      0 |   4 |  346.0 |
               +--------+--------+--------+--------+--------+-----+--------+

Top non-repeatable levels by time:
     D:1: 549 daAuts
     D:2: 354 daAuts
     D:3: 326 daAuts
     D:4: 154 daAuts
